 Dungeon Crawl Stone Soup version 0.30.1-3-gfc49f6343a (webtiles) character file.

Game seed: 6997574715897905182

52855 Destapler the Grappler (level 14, 0/225 HPs)
             Began as a Troll Berserker on July 25, 2023.
             Was a High Priest of Trog.
             Slain by an orc
             ... wielding a +0 club
              (6 damage)
             ... on level 2 of the Orcish Mines on July 26, 2023.
             The game lasted 01:33:28 (18269 turns).

Destapler the Grappler (Troll Berserker)           Turns: 18269, Time: 01:33:28

Health: 0/225      AC:  9    Str: 32    XL:     14   Next: 28%
Magic:  13/13      EV: 13    Int:  3    God:    Trog [*****.]
Gold:   1820       SH:  5    Dex: 11    Spells: 13/13 levels left

rFire   + .          .
                       - Unarmed
rCold   + . .        (no shield)
rNeg    + . .        H - +0 acid dragon scales
rPois   .            (helmet restricted)
rElec   .            f - scarf {rC+ rF+}
rCorr   +            (gloves unavailable)
SInv    .            (boots unavailable)
Will    ++++.        K - amulet of reflection Stlth
                     N - ring of positive energy
HPRegen 2.37/turn    y - ring of willpower
MPRegen 0.13/turn

%: reflection
@: berserking, strong-willed, spiked, regenerating, studying Axes, very quick
A: large, unfitting armour, claws 3, regeneration 1, shaggy fur 1, tough skin 1,
antennae 1, thin skeletal structure 1
a: Renounce Religion, Berserk, Trog's Hand, Brothers in Arms


You were on level 2 of the Orcish Mines.
You worshipped Trog.
Trog was extremely pleased with you.
You visited 3 branches of the dungeon, and saw 19 of its levels.
You also visited: Sewer.

You collected 1916 gold pieces.
You spent 96 gold pieces at shops.

Inventory:

Missiles
 n - 4 atropa-tipped darts
 q - 20 boomerangs (quivered)
 J - 8 large rocks
 M - 17 poisoned darts
 U - a throwing net
Armour
 f - a scarf of resistance (worn)
 H - +0 acid dragon scales (worn)
Jewellery
 x - a ring of willpower
 y - a ring of willpower (right claw)
 z - a ring of willpower
 A - a ring of protection from cold
 K - an amulet of reflection (around neck)
 N - a ring of positive energy (left claw)
 S - a +4 ring of protection
Wands
 a - a wand of roots (12)
 B - a wand of polymorph (11)
 I - a wand of charming (6)
 P - a wand of flame (11)
 T - a wand of acid (6)
Scrolls
 b - a scroll of identify
 d - 2 scrolls of summoning
 j - 5 scrolls of teleportation
 k - a scroll of enchant armour
 l - 4 scrolls of magic mapping
 o - a scroll of brand weapon {unknown}
 t - a scroll of blinking {unknown}
 v - 3 scrolls of fog {unknown}
 w - 4 scrolls of poison {unknown}
 C - 2 scrolls of silence
 E - a scroll of acquirement {unknown}
 G - a scroll of fear {unknown}
 O - a scroll of enchant weapon {unknown}
 R - a scroll of torment {unknown}
Potions
 c - 3 potions of might
 e - 2 potions of invisibility
 g - 6 potions of flight
 h - 5 potions of heal wounds
 i - a potion of resistance
 m - 6 potions of lignification
 p - 5 potions of mutation
 s - 4 potions of haste
 u - 5 potions of curing
 D - 2 potions of attraction
 F - 9 potions of ambrosia
 L - 2 potions of magic


   Skills:
 + Level 12.6 Fighting
 - Level 8.0 Axes
 - Level 6.0 Throwing
 - Level 4.0 Armour
 + Level 10.4 Dodging
 + Level 13.5 Unarmed Combat
 - Level 2.0 Evocations


You had 13 spell levels left.
You didn't know any spells.
Your spell library contained the following spells:

 Spells                   Type           Power      Damage    Failure   Level
 Slow                     Hex            0%         N/A       56%         1
 Summon Small Mammal      Summ           0%         N/A       56%         1
 Blink                    Tloc           0%         N/A       71%         2
 Lesser Beckoning         Tloc           0%         N/A       71%         2
 Momentum Strike          Conj/Tloc      0%         3d8       71%         2
 Scorch                   Fire           0%         2d5       71%         2
 Sublimation of Blood     Necr           0%         N/A       71%         2
 Call Canine Familiar     Summ           0%         N/A       91%         3
 Confusing Touch          Hex            0%         N/A       91%         3
 Ignite Poison            Fire/Tmut/Pois 0%         N/A       91%         3
 Ozocubu's Armour         Ice            0%         N/A       91%         3
 Portal Projectile        Hex/Tloc       0%         N/A       91%         3
 Summon Guardian Golem    Hex/Summ       0%         N/A       91%         3
 Vampiric Draining        Necr           0%         2d6       91%         3
 Anguish                  Hex/Necr       0%         N/A       100%        4
 Animate Dead             Necr           0%         N/A       100%        4
 Cause Fear               Hex            0%         N/A       100%        4
 Flame Wave               Conj/Fire      0%         2d4       100%        4
 Leda's Liquefaction      Hex/Erth       0%         N/A       100%        4
 Manifold Assault         Tloc           0%         N/A       100%        4
 Petrify                  Tmut/Erth      0%         N/A       100%        4
 Sticky Flame             Conj/Fire      0%         2d3       100%        4
 Borgnjor's Vile Clutch   Necr/Erth      0%         N/A       100%        5
 Irradiate                Conj/Tmut      0%         3d11      100%        5
 Metabolic Englaciation   Hex/Ice        0%         N/A       100%        5
 Death Channel            Necr           0%         N/A       100%        6
 Simulacrum               Ice/Necr       0%         N/A       100%        6
 Summon Cactus Giant      Summ           0%         N/A       100%        6
 Enfeeble                 Hex            0%         N/A       100%        7
 Storm Form               Tmut/Air       0%         N/A       100%        7
 Ignition                 Fire           0%         3d3       100%        8


Dungeon Overview and Level Annotations

Branches:
Dungeon (12/15)            Temple (0/1) D:4            Lair (5/5) D:11
 Shoals (0/4) Lair:3       Spider (0/4) Lair:3        Slime (0/5) Lair:4
    Orc (2/2) D:9             Elf (0/3) Orc:2         Sewer (visited)

Altars:
Ashenzari
Cheibriados
Fedhas
Hepliaklqana
Kikubaaqudgha
Nemelex Xobeh
Okawaru
Qazlal
Sif Muna
Trog
Uskayaw
Vehumet
Xom
Zin
Jiyva

Shops:
D:3 (   D:4 !   D:7 [   D:8 (*=[=   D:9 [   D:12 *   Orc:1 [

Annotations:
D:5 2 transporters, kij's ghost, novice MiBe
D:12 Jorgrun


Innate Abilities, Weirdness & Mutations

You are too large for most types of armour.
You have claws for hands.
Your natural rate of healing is unusually fast.
You are covered in fur. (AC +1)
You have tough skin. (AC +1)
You have a pair of small antennae on your head.
You have a somewhat thin skeletal structure. (Dex +2, Stealth+)


Message History

You barely miss the orc high priest. The red devil closely misses you.
You closely miss the orc high priest.
The orc knight hits you from afar with a +0 halberd!
* * * LOW HITPOINT WARNING * * *
The orc high priest hits you with a +2 mace of protection!!
* * * LOW HITPOINT WARNING * * *
The orc high priest hits you with a +0 scimitar.
* * * LOW HITPOINT WARNING * * *
The orc barely misses you.
You scratch the orc high priest.
The orc high priest is lightly wounded.
You block the red devil's attack.
You eviscerate the orc high priest!!!
The orc high priest is almost dead.
The orc knight hits you from afar with a +0 halberd!
* * * LOW HITPOINT WARNING * * *
The orc high priest starts to sing a prayer.
The orc high priest barely misses you.
The orc high priest hits you with a +0 scimitar!
* * * LOW HITPOINT WARNING * * *
The orc hits you with a +0 club.
* * * LOW HITPOINT WARNING * * *
Okay, then.
The barbs in your skin will harm you if you move.
Continue?
Okay, then.
You barely miss the orc high priest.
You claw the orc high priest, but do no damage.
The orc high priest is almost dead.
You block the red devil's attack.
You scratch the orc high priest but do no damage.
The orc high priest is almost dead.
You eviscerate the orc high priest!!!
You kill the orc high priest!
Trog accepts your kill.
The red devil disappears in a puff of smoke!
The orc knight closely misses you.
The orc high priest hits you with a +0 scimitar!
* * * LOW HITPOINT WARNING * * *
The orc hits you with a +0 club.
You die...

####### ###.....### ##..
##.........### ##....
.............## #......
..............###.......
#.#.#.#.#.#.#.#.#.#.#.#.
..............ยง.........
.......)......#o#o..o...
.........)......@oo.....
#.#.#.#.#.#.#.#.#.#.#.#.
.....)........###...
.............## #....
##.........### ##....
###.....### ##.. #######
#


You could see an orc knight, an orc high priest (strong), an orc warrior
(strong) and 2 orcs.

Vanquished Creatures
  An orc warlord (D:9)
  Harold (Lair:2)
  A two-headed ogre (D:9)
  Nergalle (Lair:3)
  4 orc high priests
  2 skeletal warriors (D:11)
  4 harpies (Lair:3)
  10 orc knights
  An orc sorcerer (D:9)
  2 cyclopes
  5 elephants (Lair:3)
  2 torpor snails
  4 black mambas
  A gargoyle (D:12)
  8 cane toads
  11 komodo dragons
  A rime drake (Lair:4)
  7 trolls
  A polar bear (Lair:2)
  2 hornets
  5 blink frogs (Lair:2)
  A queen bee (Lair:1)
  5 dream sheep
  2 jumping spiders (Lair:3)
  2 shadows
  6 wyverns
  53 yaks
  A basilisk (Lair:4)
  A redback (Lair:3)
  2 wargs (Orc:2)
  2 acid dragons (D:9)
  12 water moccasins
  4 sky beasts
  An ice beast (D:7)
  8 ogres
  39 orc warriors
  3 black bears
  25 wolves
  A phantom (D:5)
  12 centaurs
  4 kobold brigands
  Blork the orc (D:6)
  9 bullfrogs
  2 gnoll sergeants
  2 scorpions
  11 wights
  41 killer bees
  7 electric eels
  9 howler monkeys
  2 gnoll boudas
  6 jellies
  38 orc priests
  A sleepcap (D:6)
  9 hounds
  26 orc wizards
  4 iguanas
  12 gnolls
  9 river rats
  20 adders
  A shadow imp (D:6)
  3 white imps
  3 ufetubi
  8 worms
  3 dart slugs (D:4)
  83 orcs
  13 endoplasms
  4 giant cockroaches
  5 goblins
  4 hobgoblins
  4 jackals
  18 kobolds
  4 quokkas
  12 ball pythons
  13 bats
  4 frilled lizards
  6 rats
655 creatures vanquished.

Vanquished Creatures (collateral kills)
  A skeletal warrior (D:11)
  2 yaks (D:9)
  An ogre (D:9)
4 creatures vanquished.

Vanquished Creatures (others)
  An orc wizard (D:7)
  A kobold (D:10)
2 creatures vanquished.

Grand Total: 661 creatures vanquished

Notes
Turn   | Place    | Note
-------+----------+-------------------------------------------
     0 | D:1      | Destapler the Troll Berserker began the quest for the Orb.
     0 | D:1      | Reached XP level 1. HP: 22/22 MP: 0/0
     3 | D:1      | Noticed an electric eel
     6 | D:1      | Noticed an electric eel
   381 | D:1      | Reached XP level 2. HP: 29/29 MP: 1/1
   802 | D:2      | Found a faded altar of an unknown god.
   877 | D:2      | Reached ** piety under Trog
  1112 | D:2      | Reached XP level 3. HP: 32/36 MP: 2/2
  1616 | D:3      | Reached XP level 4. HP: 39/44 MP: 3/3
  1697 | D:3      | Found Odaixaocly's Antique Weapon Emporium.
  1751 | D:3      | Found a broken altar of Ashenzari.
  1837 | D:3      | Reached skill level 4 in Unarmed Combat
  1945 | D:3      | Found a shimmering altar of Xom.
  1945 | D:3      | Found a hazy altar of Hepliaklqana.
  1953 | D:3      | Found a sparkling altar of Nemelex Xobeh.
  1955 | D:3      | Found a glowing silver altar of Zin.
  1969 | D:3      | Found a faded altar of an unknown god.
  1997 | D:4      | Found a snail-covered altar of Cheibriados.
  2079 | D:4      | Found Suti Osazo's Distillery.
  2083 | D:4      | Noticed a scorpion
  2155 | D:4      | Reached skill level 1 in Throwing
  2175 | D:4      | Reached XP level 5. HP: 48/53 MP: 4/4
  2275 | D:4      | Reached *** piety under Trog
  2295 | D:4      | Reached XP level 6. HP: 61/61 MP: 5/5
  2297 | D:4      | Found a glowing drain.
  2309 | Sewer    | Entered a sewer
  2385 | Sewer    | Reached skill level 5 in Unarmed Combat
  3094 | D:4      | Reached **** piety under Trog
  3166 | D:4      | Found a hide-covered altar of Uskayaw.
  3185 | D:4      | Reached XP level 7. HP: 68/68 MP: 6/6
  3299 | D:4      | Found a staircase to the Ecumenical Temple.
  3353 | D:4      | Bought a potion of curing for 39 gold pieces
  3438 | D:4      | Found the +8 trident of the Octopus King {venom, rElec
                  | rPois}
  3458 | D:4      | Found a stormy altar of Qazlal.
  3584 | D:5      | Entered Level 5 of the Dungeon
  3600 | D:5      | Gained mutation: You have a pair of small antennae on your
                  | head. [potion of mutation]
  3600 | D:5      | Gained mutation: You have a somewhat thin skeletal
                  | structure. (Dex +2, Stealth+) [potion of mutation]
  3643 | D:5      | Found a transporter.
  3643 | D:5      | Found a transporter.
  3644 | D:5      | Noticed kij's ghost (novice MiBe)
  3710 | D:5      | Found an iron altar of Okawaru.
  4035 | D:5      | Reached skill level 6 in Unarmed Combat
  4531 | D:5      | Reached XP level 8. HP: 78/78 MP: 7/7
  5156 | D:6      | Reached skill level 7 in Unarmed Combat
  5411 | D:6      | Noticed Blork the orc
  5418 | D:6      | Killed Blork the orc
  5787 | D:7      | Reached skill level 5 in Fighting
  5787 | D:7      | Reached skill level 5 in Dodging
  5843 | D:7      | Reached skill level 8 in Unarmed Combat
  5901 | D:7      | Found Gatheog's Armour Boutique.
  6001 | D:7      | Reached XP level 9. HP: 87/88 MP: 8/8
  6306 | D:7      | Found a shimmering blue altar of Sif Muna.
  6318 | D:7      | Got Sif Muna's Parchment of Apparitions
  6324 | D:7      | Found an ancient bone altar of Kikubaaqudgha.
  6336 | D:7      | Found a radiant altar of Vehumet.
  6419 | D:8      | Reached skill level 9 in Unarmed Combat
  6690 | D:8      | Found Cuunt's Jewellery Emporium.
  6712 | D:8      | Found Alomp's Armour Boutique.
  6730 | D:8      | Found Xouj's Assorted Antiques.
  6746 | D:8      | Bought a murky dark potion for 27 gold pieces
  6746 | D:8      | Bought a scroll labelled HUTHRU EDIGO for 30 gold pieces
  6777 | D:8      | Found a bloodstained altar of Trog.
  6792 | D:8      | Identified the +0 short sword of Pride {spect, Fly rElec
                  | rC+}
  6871 | D:8      | Found Zeaffuog's Jewellery Shoppe.
  6937 | D:8      | Found Reth's Weapon Shop.
  7375 | D:9      | Reached skill level 10 in Unarmed Combat
  7521 | D:9      | Found Veuv's Armour Boutique.
  7524 | D:9      | Found a staircase to the Orcish Mines.
  7582 | D:9      | Reached XP level 10. HP: 100/100 MP: 9/9
  8141 | D:9      | Noticed a cyclops
  8159 | D:9      | Killed a cyclops
  8160 | D:9      | Reached skill level 1 in Armour
  8236 | D:9      | Noticed a two-headed ogre
  8240 | D:9      | Killed a two-headed ogre
  8374 | D:9      | Reached XP level 11. HP: 111/111 MP: 10/10
  8439 | D:10     | Entered Level 10 of the Dungeon
  8684 | D:10     | Found a blossoming altar of Fedhas.
  9274 | D:10     | Identified the +1 chain mail of Creativity {rElec}
 10041 | D:11     | Noticed a skeletal warrior
 10042 | D:11     | Noticed a skeletal warrior
 10046 | D:11     | Noticed a skeletal warrior
 10053 | D:11     | Killed a skeletal warrior
 10060 | D:11     | Killed a skeletal warrior
 10062 | D:11     | Killed a skeletal warrior
 10105 | D:11     | Reached skill level 10 in Fighting
 10157 | D:11     | Reached skill level 1 in Axes
 10252 | D:11     | Reached skill level 1 in Evocations
 10256 | D:11     | Reached ***** piety under Trog
 10349 | D:11     | Found a staircase to the Lair.
 10820 | D:12     | Noticed Jorgrun
 10902 | D:12     | Found Oscheosme's CLEARANCE SALE!.
 10999 | Lair:1   | Entered Level 1 of the Lair of Beasts
 11159 | Lair:1   | Reached XP level 12. HP: 118/126 MP: 11/11
 11161 | Lair:1   | Received a gift from Trog
 11206 | Lair:1   | Reached skill level 5 in Throwing
 11559 | Lair:1   | Identified the +9 war axe of Ukhlusux {freeze, Dex+4
                  | Stlth-}
 11923 | Lair:2   | Reached skill level 5 in Axes
 12013 | Lair:2   | Noticed Harold
 12163 | Orc:1    | Entered Level 1 of the Orcish Mines
 12197 | D:9      | Reached skill level 11 in Unarmed Combat
 12374 | Orc:1    | Noticed an orc warlord
 13016 | Lair:2   | Killed Harold
 13093 | Lair:2   | Reached XP level 13. HP: 137/137 MP: 12/12
 13367 | Lair:3   | Noticed Nergalle
 13380 | Lair:3   | Killed Nergalle
 13710 | Lair:3   | Found a hole to the Spider Nest.
 13723 | Lair:3   | Reached skill level 12 in Unarmed Combat
 13973 | Lair:3   | Found a staircase to the Shoals.
 15129 | Lair:4   | Found a viscous altar of Jiyva.
 15130 | Lair:4   | Found a staircase to the Slime Pits.
 15941 | Lair:5   | Entered Level 5 of the Lair of Beasts
 16285 | D:9      | Killed an orc warlord
 16386 | Orc:1    | Found Cujeiwk's Armour Shop.
 16565 | Orc:2    | Entered Level 2 of the Orcish Mines
 16583 | Orc:2    | Reached skill level 13 in Unarmed Combat
 17170 | Orc:2    | Reached skill level 10 in Dodging
 17247 | Orc:2    | Found a staircase to the Elven Halls.
 17294 | Orc:2    | Reached XP level 14. HP: 150/150 MP: 13/13
 17297 | Orc:2    | Identified the +8 lajatang "Akiuje" {flame, Will+ Dex+3}
                  | (Trog gifted it to you on level 2 of the Orcish Mines)
 17297 | Orc:2    | Received a gift from Trog
 18269 | Orc:2    | HP: 6/225 [orc high priest/+0 scimitar (16)]
 18269 | Orc:2    | Slain by an orc

Illustrated notes

Levels and vault maps discovered:
D:1:      arrival_aquarium_b, layout_basic, minmay_misc_feat_enclosed
D:2:      layout_rooms, hellmonk_ecumenical_altar_zigzags, serial_aquarium,
          aquarium_bridge_long_joined [aquarium_subvault_wall,
          aquarium_subvault_wall, aquarium_subvault_wall,
          aquarium_subvault_wall, aquarium_subvault_bridge,
          aquarium_subvault_bridge], aquarium_window_fake,
          aquarium_window_corner, aquarium_view_2b, aquarium_balcony_5b,
          aquarium_pool_five, uniq_crazy_yiuf_cottage
D:3:      layout_rooms, nicolae_ashenzari_skybound,
          chequers_temple_overflow_minitemple, serial_shops,
          nicolae_lakefront_shop
D:4:      layout_loops_ring, mainiacjoe_overflow_concentric_impassable,
          overflow_temple_1_default, kennysheep_slug_shrine,
          minmay_temple_entry_waves, serial_shops, nicolae_shop_waterfront,
          lightli_sewer_entry_pipes, minmay_manual_mess
D:5:      layout_layer_cave, lemuel_tele_altar, gammafunk_ghost_hive,
          lightli_minifort
D:6:      layout_rooms, small_statue_intersection, minmay_increasing_density,
          uniq_blork_the_orc
D:7:      layout_cave_pools, palyth_temple_overflow_mages, serial_column_ruins,
          column_ruins_hut, column_ruins_square_medium,
          column_ruins_corridor_corner, column_ruins_columns_dead_end,
          column_ruins_grid_3, column_ruins_open_tiny, serial_shops,
          nicolae_square_shop
D:8:      layout_loops_ring, kennysheep_little_box, serial_shops, shop, shop,
          nicolae_shop_getting_attention, shop, nicolae_inconvenience_store
D:9:      wad_guarded_room, layout_irregular_city, orc_0_dummy, serial_shops,
          shop, serial_bayou_crossing
D:10:     layout_basic, lemuel_coloured_pillars_altar
D:11:     layout_irregular_city, erik_lair_island
D:12:     layout_loops_cross, nicolae_shop_clearance, uniq_nessos, uniq_jorgrun
Lair:1:   layout_roguey [special_room_bee], chequers_serial_rivers_small_b,
          st_stairs_6
Lair:2:   layout_concentric_octagons, beast_lair_carwin_3, grunt_megastairs_5,
          uniq_harold
Lair:3:   layout_cave_pods, nicolae_shoals_entry_roost,
          spider_nest_entry_funnel_web, grunt_megastairs_3, uniq_nergalle
Lair:4:   layout_loops_ring, nicolae_slime_entry_slimehenge
Lair:5:   gammafunk_lair_ancient_temple, layout_regular_city
Orc:1:    layout_caves, serial_shops, shop, special_room [special_room_orc],
          nicolae_orc_sculptors_studio
Orc:2:    st_orc_pillars, layout_caves, basic_altar, abandoned_shop

Skill      XL: |  1  2  3  4  5  6  7  8  9 10 11 12 13 |
---------------+----------------------------------------+-----
Fighting       | 3 4 5 6 8 10 11 12 | 12.6
Unarmed Combat | 4 5 6 8 10 11 13 | 13.5
Dodging        | 3 4 5 6 8 10 | 10.4
Throwing       | 1 2 3 4 6 |  6.0
Armour         | 3 4 |  4.0
Axes           | 3 7 8 |  8.0
Evocations     | 2 |  2.0

Action                     |  1- 3 |  4- 6 |  7- 9 | 10-12 | 13-15 || total
---------------------------+-------+-------+-------+-------+-------++-------
  Melee: Unarmed           |    82 |   225 |   329 |   655 |   593 ||  1884
         Punch             |     4 |     8 |     9 |    40 |    42 ||   103
  Throw: Boomerang         |       |       |     3 |    43 |    73 ||   119
         Dart              |       |       |     1 |    13 |       ||    14
 Invoke: Berserk           |     1 |     2 |     8 |    14 |    10 ||    35
         Trog's Hand       |       |     1 |     6 |     4 |    12 ||    23
         Brothers in Arms  |       |       |       |     2 |     1 ||     3
    Use: Scroll            |       |     6 |     9 |       |     5 ||    20
         Potion            |       |     3 |     1 |       |       ||     4
   Stab: Sleeping          |     1 |     1 |    10 |     1 |     1 ||    14
 Armour: Animal skin       |    32 |   104 |    82 |    10 |       ||   228
         Acid dragon scale |       |       |       |   167 |   133 ||   300
  Dodge: Dodged            |    48 |   116 |   152 |   399 |   313 ||  1028
  Block: Other             |       |       |       |   109 |   142 ||   251
         Reflection        |       |       |       |     4 |    11 ||    15
